 Dungeon Crawl Stone Soup version 0.23.2-1-ga50397a (webtiles) character file.

Game seed: 2411399293529029122

172 night the Ruffian (level 5, -5/29 HPs)
             Began as a Gargoyle Transmuter on May 3, 2019.
             Slain by a sky beast (6 damage)
             ... on level 3 of the Dungeon.
             The game lasted 00:08:07 (3392 turns).

night the Ruffian (Gargoyle Transmuter)             Turns: 3392, Time: 00:08:07

Health: -5/29      AC:  2    Str: 14    XL:     5   Next: 52%
Magic:  1/8        EV: 19    Int: 14    God:
Gold:   181        SH:  0    Dex: 15    Spells: 2/8 levels left

rFire    . . .     SeeInvis .     - Unarmed
rCold    . . .     Gourm    .   (shield currently unavailable)
rNeg     + . .     Faith    .   (armour currently unavailable)
rPois    ∞         Spirit   .   (helmet currently unavailable)
rElec    .         Reflect  .   (cloak currently unavailable)
rCorr    +         Harm     .   (gloves currently unavailable)
MR       .....                  (boots currently unavailable)
Stlth    +.........             (no amulet)
HPRegen  0.09/turn              k - ring of resist corrosion
MPRegen  0.11/turn              (no ring)

@: spider-form (expiring)
A: tiny, negative energy resistance 1, petrification resistance, rot immunity,
AC +4
a: End Transformation


You were on level 3 of the Dungeon.
You were not hungry.
You were a venomous arachnid creature.
You visited 1 branch of the dungeon, and saw 3 of its levels.

You collected 181 gold pieces.

Inventory:

Missiles
 a - 36 arrows
 i - 29 bolts
 r - 67 stones (quivered)
Armour
 b - a +0 robe (melded)
 q - a +0 pair of gloves (melded)
Jewellery
 k - a ring of resist corrosion (left front leg)
Scrolls
 e - 2 scrolls of noise {unknown}
 f - a scroll of magic mapping {unknown}
 g - a scroll of fear {unknown}
 h - 4 scrolls of teleportation {unknown}
 j - a scroll of blinking {unknown}
 l - a scroll of immolation {unknown}
 m - 2 scrolls of identify {unknown}
 n - 2 scrolls of remove curse {unknown}
Potions
 o - a potion of lignification {unknown}
 p - a potion of might {unknown}
 s - a potion of curing
 t - a potion of heal wounds {unknown}
Comestibles
 d - 5 rations


   Skills:
 - Level 1.1 Fighting
 - Level 1.5 Dodging
 + Level 4.3 Unarmed Combat
 - Level 2.0 Spellcasting
 * Level 3.7 Transmutations


You had 2 spell levels left.
You knew the following spells:

 Your Spells              Type           Power        Failure   Level  Hunger
a - Beastly Appendage     Tmut           ##....       16%         1    ##.....
b - Sticks to Snakes      Tmut           ##......     21%         2    ###....
c - Spider Form           Tmut/Pois      #.........   54%         3    ####...

Your spell library contained the following spells:

 Spells                   Type           Power        Failure   Level  Hunger
 Ice Form                 Ice/Tmut       #.......     88%         4    #####..
 Blade Hands              Tmut           ##........   93%         5    ######.


Dungeon Overview and Level Annotations

Branches:
Dungeon (3/15)

Altars:


Innate Abilities, Weirdness & Mutations

You are resistant to torment.
((Your stone body is resilient. (AC +4)))
You are immune to poison.
You resist negative energy. (rN+)
((You are resistant to electric shocks. (rElec)))
((You can survive without breathing.))
You are immune to petrification.
You are immune to rotting.


Message History

Deactivating autopickup; reactivate with Ctrl-A.
Something hits you.
* * * LOW HITPOINT WARNING * * *
Something shocks you. You resist.
* * * LOW HITPOINT WARNING * * *
You feel better. Something hits you but does no damage.
Casting: Spider Form (safe; 32% risk of failure)
Confirm with . or Enter, or press ? or * to list all spells.
You turn into a venomous arachnid creature.
Your +0 pair of gloves melds into your body.
Your +0 robe melds into your body.
Something hits you but does no damage.
You miss something. Something closely misses you.
You closely miss something. Something hits you. Something shocks you.
* * * LOW HITPOINT WARNING * * *
You closely miss something.
Your transformation is almost over.
Something hits you.
* * * LOW HITPOINT WARNING * * *
Something shocks you.
You die...

#.# #.# ######.#
#.# .......# #.#
######## #.#
######### #.#
#)..o...{ #.#
#######)### #.#
......≈)..#
#.##########.#.#
#......s{....#.#
############.#..
#.#### ###


There were no monsters in sight!

Vanquished Creatures
  An orc priest (D:3)
  An orc wizard (D:3)
  3 adders
  2 worms (D:2)
  3 dart slugs
  2 leopard geckos
  3 orcs (D:3)
  3 ball pythons (D:2)
  12 bats
  6 giant cockroaches
  4 goblins
  11 hobgoblins
  A quokka (D:3)
  2 frilled lizards (D:1)
  10 kobolds
  7 rats
71 creatures vanquished.

Notes
Turn   | Place    | Note
-------+----------+-------------------------------------------
     0 | D:1      | night the Gargoyle Transmuter began the quest for the Orb.
     0 | D:1      | Reached XP level 1. HP: 12/12 MP: 3/3
   281 | D:1      | Reached XP level 2. HP: 16/16 MP: 5/5
   593 | D:1      | Learned a level 2 spell: Sticks to Snakes
   646 | D:1      | Reached XP level 3. HP: 20/20 MP: 6/6
  1896 | D:2      | HP: 1/20 [worm (9)]
  2240 | D:2      | Reached XP level 4. HP: 10/25 MP: 7/7
  2679 | D:2      | Learned a level 3 spell: Spider Form
  2914 | D:3      | Reached skill level 4 in Unarmed Combat
  3364 | D:3      | Reached XP level 5. HP: 15/29 MP: 4/8
  3365 | D:3      | Noticed a sky beast
  3387 | D:3      | HP: 1/29 [something (1)]
  3392 | D:3      | HP: 1/29 [something (3)]
  3392 | D:3      | Slain by a sky beast

Skill      XL: |  1  2  3  4 |
---------------+-------------+-----
Transmutations | 2 3 |  3.7
Unarmed Combat | 4 |  4.3
Fighting       | |  1.1
Dodging        | |  1.5
Spellcasting   | |  2.0

Action                   |  1- 3 |  4- 6 || total
-------------------------+-------+-------++-------
Melee: Unarmed           |   168 |    99 ||   267
       Headbutt          |     3 |       ||     3
       Punch             |     1 |       ||     1
 Cast: Beastly Appendage |     1 |       ||     1
       Spider Form       |       |     5 ||     5
  Use: Potion            |     2 |     1 ||     3
 Stab: Sleeping          |     1 |       ||     1
  Eat: Chunk             |     3 |     6 ||     9
Armor: Robe              |    58 |    26 ||    84
       Skin              |       |     3 ||     3
Dodge: Dodged            |   128 |    64 ||   192
